 Dungeon Crawl Stone Soup version 0.25-a0-178-gc9f82b1288 (webtiles) character file.

Game seed: 8769298073773986132, levelgen mode: deterministic

82772 MisterFreud the Warrior (level 15, -6/78 HPs)
             Began as a Felid Fighter on Nov 25, 2019.
             Was a Follower of Uskayaw.
             Mangled by a spectral tyrant leech (16 damage)
             ... called from beyond by a ghost crab
             ... on level 3 of the Swamp on Nov 26, 2019.
             The game lasted 02:04:02 (54817 turns).

MisterFreud the Warrior (Felid Fighter)            Turns: 54817, Time: 02:04:03

Health: -6/78      AC:  3    Str: 12    XL:     15   Next: 30%
Magic:  26/27      EV: 35    Int: 20    God:    Uskayaw [*.....]
Gold:   1378       SH:  0    Dex: 24    Spells: 18/24 levels left
                                        Lives:  0   Deaths: 4

rFire    . . .     SeeInvis +     - Unarmed
rCold    . . .     Gourm    .   (shield unavailable)
rNeg     + . .     Faith    .   (armour unavailable)
rPois    +         Spirit   .   (helmet unavailable)
rElec    .         Reflect  .   (cloak unavailable)
rCorr    .         Harm     .   (gloves unavailable)
MR       +....                  (boots unavailable)
Stlth    ++........             J - amulet of the acrobat
HPRegen  0.23/turn              y - ring "Vezoh" {*Contam +Inv rC- Int+4 Dex+8}
MPRegen  0.20/turn              Q - ring "Daaquo" {+Blink rPois rN+ MR- Stlth-}

@: contaminated, glowing, studying Ice Magic, lightly drained, invisible (but
backlit and visible), quick
A: very small, no armour, no weapons or thrown items, stealth, claws 1, fangs 3,
see invisible, carnivore, speed 1, shaggy fur 3, slow metabolism 1, sharp paws
a: Stomp, Renounce Religion, Evoke Blink


You were on level 3 of the Swamp.
You worshipped Uskayaw.
Uskayaw was pleased with you.
You were hungry.

You visited 6 branches of the dungeon, and saw 30 of its levels.
You also visited: Bailey and Gauntlet.

You collected 2753 gold pieces.
You spent 1375 gold pieces at shops.

Inventory:

Jewellery
 g - an uncursed ring of magical power
 h - an uncursed amulet of guardian spirit
 q - the macabre finger necklace {rN+}
   (You found it on level 7 of the Dungeon)

   [amulet of nothing]

   It protects you from negative energy.
 x - an uncursed amulet of regeneration
 y - the ring "Vezoh" (left paw) {*Contam +Inv rC- Int+4 Dex+8}
   (You found it on level 10 of the Dungeon)

   [ring of intelligence]

   It affects your intelligence (+4).
   It affects your dexterity (+8).
   It makes you vulnerable to cold.
   It lets you turn invisible.
   It causes magical contamination when unequipped.
 E - a +4 ring of dexterity
 F - an uncursed ring of ice
 H - an uncursed ring of protection from magic
 J - an amulet of the acrobat (around neck)
 Q - the ring "Daaquo" (right paw) {+Blink rPois rN+ MR- Stlth-}
   (You bought it in a shop on level 2 of the Orcish Mines)

   [ring of attention]

   It protects you from poison.
   It protects you from negative energy.
   It affects your resistance to hostile enchantments.
   It lets you blink.
   It makes you less stealthy.
Wands
 j - a wand of flame (6)
 r - a wand of digging (7)
 s - a wand of acid (4)
 u - a wand of enslavement (21)
 I - a wand of iceblast (9)
 P - a wand of scattershot (3)
 R - a wand of disintegration (19)
Scrolls
 a - 6 scrolls of fog
 i - 5 scrolls of amnesia
 n - 11 scrolls of teleportation
 p - 14 scrolls of remove curse
 w - 4 scrolls of magic mapping
 A - a scroll of blinking
 K - a scroll of summoning
 N - a scroll of fear
 O - 8 scrolls of identify
Potions
 d - 8 potions of haste
 e - 2 potions of berserk rage
 f - 4 potions of agility
 k - 2 potions of flight
 m - a potion of ambrosia
 o - 2 potions of magic
 t - a potion of invisibility
 v - a potion of lignification
 z - a potion of resistance
 B - 2 potions of brilliance
 D - 3 potions of cancellation
Books
 G - a manual of Ice Magic
Miscellaneous
 c - a crystal ball of energy
 l - a lamp of fire
 C - a lightning rod (4/4)
 L - a box of beasts
Comestibles
 b - 73 rations


   Skills:
 - Level 16.0(15.7) Fighting
 - Level 16.0(15.7) Dodging
 - Level 10.0(9.8) Stealth
 - Level 14.8(14.6) Unarmed Combat
 - Level 5.1(4.9) Spellcasting
 * Level 7.9(7.7) Transmutations
 + Level 5.4(5.2) Earth Magic
 - Level 13.1(12.8) Invocations
 - Level 15.0(14.8) Evocations


You had 18 spell levels left.
You knew the following spells:

 Your Spells              Type           Power        Failure   Level  Hunger
a - Statue Form           Tmut/Erth      ####.....    77%         6    #######

Your spell library contained the following spells:

 Spells                   Type           Power        Failure   Level  Hunger
 Beastly Appendage        Tmut           #####.       1%          1    None
 Sandblast                Erth           ####..       1%          1    None
 Passwall                 Tmut/Erth      ####....     1%          2    #......
 Spider Form              Tmut/Pois      ###.......   7%          3    ##.....
 Petrify                  Tmut/Erth      ####....     8%          4    ####...
 Animate Skeleton         Necr           N/A          12%         1    None
 Confusing Touch          Hex            #.....       12%         1    None
 Corona                   Hex            #......      12%         1    None
 Flame Tongue             Conj/Fire      #....        12%         1    None
 Magic Dart               Conj           #...         12%         1    None
 Pain                     Necr           #...         12%         1    None
 Shock                    Conj/Air       #...         12%         1    None
 Ignite Poison            Fire/Tmut/Pois ###.....     12%         3    ##.....
 Stone Arrow              Conj/Erth      ###...       12%         3    ##.....
 Searing Ray              Conj           #.....       19%         2    #......
 Slow                     Hex            #.......     19%         2    #......
 Sublimation of Blood     Necr           #.........   19%         2    #......
 Swiftness                Chrm/Air       #.......     19%         2    #......
 Throw Flame              Conj/Fire      #.....       19%         2    #......
 Ice Form                 Ice/Tmut       ###.....     24%         4    ####...
 Confuse                  Hex            #.......     34%         3    ##.....
 Conjure Flame            Conj/Fire      #.......     34%         3    ##.....
 Dazzling Spray           Conj/Hex       #.....       34%         3    ##.....
 Gell's Gravitas          Tloc           #.........   34%         3    ##.....
 Inner Flame              Hex/Fire       #.......     34%         3    ##.....
 Regeneration             Chrm/Necr      #.........   34%         3    ##.....
 Static Discharge         Conj/Air       #.......     34%         3    ##.....
 Vampiric Draining        Necr           #.........   34%         3    ##.....
 Leda's Liquefaction      Hex/Erth       ###.......   36%         4    ####...
 Lee's Rapid Deconstruct  Erth           ####......   36%         5    ######.
 Alistair's Intoxication  Tmut/Pois      ###.....     54%         5    ######.
 Irradiate                Conj/Tmut      ###.......   54%         5    ######.
 Yara's Violent Unravell  Hex/Tmut       ###.......   54%         5    ######.
 Airstrike                Air            #.........   75%         4    ####...
 Animate Dead             Necr           N/A          75%         4    ####...
 Cause Fear               Hex            #.........   75%         4    ####...
 Force Lance              Conj/Tloc      #.......     75%         4    ####...
 Fulminant Prism          Conj/Hex       #.........   75%         4    ####...
 Iskenderun's Mystic Bla  Conj           #.......     75%         4    ####...
 Sticky Flame             Conj/Fire      #.......     75%         4    ####...
 Fireball                 Conj/Fire      #.........   97%         5    ######.
 Lightning Bolt           Conj/Air       #.........   97%         5    ######.
 Metabolic Englaciation   Hex/Ice        #.........   97%         5    ######.
 Portal Projectile        Hex/Tloc       Unusable     N/A         3    N/A

Dungeon Overview and Level Annotations

Branches:
Dungeon (15/15)            Temple (1/1) D:7            Lair (6/6) D:11
  Swamp (3/4) Lair:3       Spider (3/4) Lair:4        Slime (0/5) Lair:6
    Orc (2/2) D:11            Elf (0/3) Orc:2        Vaults (0/5) D:13
 Depths (0/5) D:15         Bailey (visited)         Gauntlet (visited)

Altars:
Ashenzari
Cheibriados
Dithmenos
Elyvilon
Fedhas
Gozag
Hepliaklqana
Kikubaaqudgha
Makhleb
Nemelex Xobeh
Okawaru
Qazlal
Ru
Sif Muna
Trog
Uskayaw
Vehumet
Wu Jian
Xom
Yredelemnul
Zin
The Shining One
Jiyva

Shops:
D:5 [   D:14 [}=}   Orc:2 *=*%

Portals:
Trove: D:14 (give 14 potions of heal wounds)

Annotations:
D:14 2 runed translucent doors, Qaimm's ghost, journeyman HaEn
Lair:2 exclusion: oklob plant
Lair:5 Kirke
Lair:6 1 runed translucent door
Spider:2 exclusion: ice statue


Innate Abilities, Weirdness & Mutations

You cannot wear armour.
You are incapable of wielding weapons or throwing items.
Your paws allow you to move quietly. (Stealth)
You have sharp claws.
You have razor-sharp teeth.
You have supernaturally acute eyesight. (SInv)
You are carnivorous and can eat meat at any time.
You cover ground quickly.
Your thick and shaggy fur keeps you warm. (AC +3, rC+)
You have a slow metabolism.
Your sharp claws are effective at attacking unaware monsters.


Message History

The ghost crab claws you! You partially resist.
You feel drained.
The spectral hornet completely misses you.
You mangle the ghost crab!! You bite the ghost crab.
The ghost crab is heavily damaged.
You are engulfed in spectral mist.
The spectral tyrant leech closely misses you.
The spectral hornet completely misses you.
The spectral alligator closely misses you.
The spectral alligator completely misses you.
The ghost crab completely misses you. x2
Unknown command.
You scratch the ghost crab. You bite the ghost crab.
The ghost crab is heavily damaged.
You are engulfed in spectral mist.
* * * LOW HITPOINT WARNING * * *
The spectral hornet fades away!
The spectral alligator misses you. The spectral alligator tail-slaps you!
* * * LOW HITPOINT WARNING * * *
The spectral tyrant leech bites you!
You die...

≈≈.≈≈
♣♣..≈≈≈≈≈≈.≈.≈..
..≈≈.
♣...≈≈≈≈≈≈..≈≈≈≈
≈≈≈..
♣...≈≈≈≈≈§...≈≈≈.
≈≈...
♣♣....≈≈≈≈.≈≈≈≈≈.
.♣≈..
.♣♣♣..≈≈≈≈≈♣..≈≈.
..♣♣...♣≈≈≈≈♣...≈
....≈≈.≈.○≈≈Z...≈.≈
...♣≈≈..≈≈°Zt≈≈.♣≈.
./≈≈≈§≈≈≈°Z@°°≈=§≈.
≈≈≈≈≈.≈≈≈°ZZ○○.≈≈..
.≈≈§≈.≈.○.○°°°.♣≈≈≈
.≈≈≈≈.≈≈≈°°°♣≈≈≈≈≈≈
≈≈..>...Z.°.≈≈≈≈≈§≈
♣♣♣♣♣♣.♣≈..≈≈.♣♣♣
♣.≈≈.♣♣♣♣♣ ♣≈≈.♣♣
..♣♣♣


You could see a ghost crab, 2 spectral tyrant leeches, 2 spectral alligators, a
spectral spiny frog and a spectral swamp dragon.

Vanquished Creatures
  Nikola (Spider:2)
  Arachne (Spider:2)
  Rupert (D:14)
  A thorn hunter (Swamp:2)
  Roxanne (Spider:3)
  Louise (Spider:1)
  3 emperor scorpions
  An orc warlord (Orc:2)
  A war gargoyle (D:14)
  A very ugly thing (Lair:3)
  An entropy weaver (Lair:4)
  Nessos (D:14)
  A spark wasp (Spider:3)
  Snorg (Lair:6)
  Josephine (D:15)
  2 ogre magi (Orc:2)
  An ice dragon (Lair:6)
  16 hydras
  2 vault guards (D:13)
  3 catoblepae (Lair:6)
  A ghost crab (Swamp:2)
  12 two-headed ogres
  A shambling mangrove (Swamp:3)
  7 alligators
  4 centaur warriors
  6 death yaks
  2 tengu warriors
  An orc high priest (Orc:2)
  Urug (Lair:6)
  A deep elf knight (D:13)
  A fire crab (D:14)
  2 wizards
  3 unseen horrors
  A deep troll (Orc:2)
  2 deep elf archers
  A wolf spider zombie (D:15)
  A swamp dragon (Swamp:1)
  A harpy (Spider:1)
  3 orc knights (D:13)
  Pikel (D:7)
  18 wolf spiders
  9 deep elf magi
  10 orb spiders
  7 ugly things
  6 cyclopes
  An orc sorcerer (Orc:2)
  A salamander (D:15)
  5 manticores
  4 elephants
  3 black mambas
  9 gargoyles
  2 torpor snails
  Joseph (D:7)
  24 spiny frogs
  4 kobold demonologists (D:12)
  12 komodo dragons
  4 yaktaurs
  2 tengu conjurers
  6 rime drakes
  15 demonic crawlers
  3 meliai (Lair:4)
  A queen bee (Lair:4)
  16 trolls
  9 tyrant leeches
  24 jumping spiders
  4 polar bears
  3 bog bodies
  Prince Ribbit (D:7)
  32 blink frogs
  10 hornets
  12 hippogriffs
  14 slime creatures
  A snapping turtle (shapeshifter) (D:15)
  13 tarantellas
  5 wyverns
  5 wraiths
  4 hogs (Lair:5)
  57 redbacks
  9 spriggans
  A human (D:13)
  60 yaks
  A fire elemental (Orc:1)
  8 basilisks
  5 hungry ghosts
  7 vampire mosquitoes
  Menkaure (D:7)
  A steam dragon (Lair:4)
  5 wargs (D:11)
  A soldier ant (D:11)
  10 swamp worms
  6 insubstantial wisps (Swamp:2)
  13 water moccasins
  2 acid dragons
  15 porcupines
  4 ice beasts
  4 sky beasts
  3 swamp drakes
  3 black bears
  31 orc warriors
  An eye of draining (D:15)
  A slave (D:7)
  A phantom (D:5)
  6 necrophages
  24 ogres
  4 wolves (Lair:6)
  14 crocodiles
  14 centaurs
  4 big kobolds
  18 bullfrogs
  3 scorpions
  2 water moccasin skeletons
  34 killer bees
  5 wights (D:15)
  4 howler monkeys
  3 electric eels
  2 jellies
  5 crimson imps
  2 centaur zombies
  11 hounds
  2 bullfrog zombies
  9 orc wizards
  16 orc priests
  5 centaur skeletons
  4 iguanas
  12 worker ants
  A hound zombie (D:8)
  2 hound skeletons
  A worker ant zombie (D:8)
  3 gnolls (D:7)
  2 howler monkey skeletons
  22 adders
  2 shadow imps
  3 white imps (Lair:6)
  An adder zombie (D:5)
  3 worms
  5 dart slugs
  6 leopard geckos
  71 orcs
  8 bats
  7 giant cockroaches
  6 goblins
  9 hobgoblins
  8 jackals
  2 quokkas
  4 ball pythons
  A ball python skeleton (D:4)
  3 frilled lizards
  34 kobolds
  11 rats
  A briar patch (Swamp:2)
  A butterfly (Lair:2)
  A fungus (Lair:1)
  A plant (D:3)
1065 creatures vanquished.

Vanquished Creatures (others)
  2 slaves (D:7)
  A centaur (D:7)
  An orc wizard (D:8)
  2 orcs (D:15)
  A briar patch (Swamp:2)
  A bush (Lair:6)
  2 demonic plants (Gauntlet)
  28 fungi
  47 plants
85 creatures vanquished.

Grand Total: 1150 creatures vanquished

Notes
Turn   | Place    | Note
-------+----------+-------------------------------------------
     0 | D:1      | MisterFreud the Felid Fighter began the quest for the Orb.
     0 | D:1      | Reached XP level 1. HP: 10/10 MP: 2/2
   367 | D:1      | Reached XP level 2. HP: 14/14 MP: 3/3
   857 | D:2      | Reached XP level 3. HP: 16/18 MP: 4/4
  1768 | D:2      | Reached skill level 5 in Fighting
  1768 | D:2      | Reached XP level 4. HP: 12/23 MP: 5/5
  2209 | D:3      | Reached skill level 5 in Dodging
  2367 | D:3      | Reached XP level 5. HP: 26/26 MP: 6/6
  2918 | D:3      | Reached skill level 1 in Stealth
  3231 | D:3      | Found a radiant altar of Vehumet.
  3781 | D:3      | Gained mutation: You are covered in thick fur. (AC +2)
                  | [Felid growth]
  3781 | D:3      | Reached XP level 6. HP: 30/30 MP: 7/7
  4719 | D:4      | Reached skill level 5 in Stealth
  4980 | D:5      | Entered Level 5 of the Dungeon
  5070 | D:4      | Reached XP level 7. HP: 26/33 MP: 8/8
  5829 | D:5      | Reached skill level 1 in Evocations
  6632 | D:5      | Reached XP level 8. HP: 37/37 MP: 12/12
  6667 | D:5      | Found Jaumpeah's Antique Armour Boutique.
  7108 | D:7      | Noticed Menkaure
  7120 | D:7      | Killed Menkaure
  7362 | D:7      | Found the macabre finger necklace {rN+}
  7375 | D:7      | Noticed Pikel
  7446 | D:7      | Noticed Prince Ribbit
  7466 | D:7      | Killed Pikel
  7466 | D:7      | Reached skill level 5 in Unarmed Combat
  7641 | D:7      | Found a staircase to the Ecumenical Temple.
  7656 | Temple   | Entered the Ecumenical Temple
  7797 | Temple   | Became a worshipper of Uskayaw the Reveler
  7839 | D:7      | Reached * piety under Uskayaw
  7846 | Temple   | Reached XP level 9. HP: 17/42 MP: 10/13
  7846 | Temple   | Reached ** piety under Uskayaw
  8226 | D:7      | Reached skill level 10 in Dodging
  8345 | D:7      | Reached skill level 1 in Invocations
  8757 | D:7      | Noticed Joseph
  8976 | D:7      | Reached *** piety under Uskayaw
  8978 | D:7      | Reached **** piety under Uskayaw
  8981 | D:7      | Reached ***** piety under Uskayaw
  8984 | D:7      | Killed Joseph
  8984 | D:7      | Reached skill level 5 in Invocations
  9044 | D:7      | Killed Prince Ribbit
  9768 | D:9      | Noticed a two-headed ogre
 10174 | D:9      | Killed a two-headed ogre
 10174 | D:9      | Reached skill level 5 in Evocations
 10174 | D:9      | Reached XP level 10. HP: 46/46 MP: 16/16
 10802 | D:10     | Entered Level 10 of the Dungeon
 10852 | D:10     | Noticed a two-headed ogre
 10867 | D:10     | Killed a two-headed ogre
 10904 | D:10     | Noticed an unseen horror
 10909 | D:10     | Killed an unseen horror
 10952 | D:10     | Found a flagged portal.
 10968 | D:10     | Noticed an unseen horror
 10981 | D:10     | Killed an unseen horror
 11087 | D:10     | Got a pitted lapis lazuli ring
 11835 | D:11     | Noticed a purple ugly thing
 11847 | D:11     | Killed a purple ugly thing
 11847 | D:11     | Reached skill level 10 in Unarmed Combat
 11847 | D:11     | Reached XP level 11. HP: 49/49 MP: 18/18
 11856 | D:11     | Found a staircase to the Lair.
 12266 | D:11     | You fall into a shaft and drop 2 floors!
 12516 | D:13     | Noticed a deep elf mage
 12623 | D:13     | Noticed a deep elf mage
 12624 | D:13     | Noticed a deep elf mage
 12626 | D:13     | Noticed a deep elf mage
 12673 | D:13     | Identified the ring "Vezoh" {*Contam +Inv rC- Int+4 Dex+8}
                  | (You found it on level 10 of the Dungeon)
 12690 | D:13     | Noticed an unseen horror
 12732 | D:13     | Noticed a deep elf archer
 12732 | D:13     | Noticed an orc knight
 12735 | D:13     | Noticed an orc knight
 12736 | D:13     | Noticed a deep elf knight
 12977 | D:13     | Noticed a six-headed hydra
 12986 | D:12     | Noticed a two-headed ogre
 13019 | D:12     | Killed a two-headed ogre
 13577 | D:11     | Found a staircase to the Orcish Mines.
 13948 | D:11     | Reached skill level 10 in Fighting
 14985 | D:12     | Gained mutation: Your thick and shaggy fur keeps you warm.
                  | (AC +3, rC+) [Felid growth]
 14985 | D:12     | Reached XP level 12. HP: 43/58 MP: 19/19
 15146 | D:12     | Noticed a five-headed hydra
 15168 | D:12     | Killed a five-headed hydra
 15168 | D:12     | Reached skill level 10 in Evocations
 15332 | D:12     | Noticed a two-headed ogre
 15339 | D:12     | Killed a two-headed ogre
 16567 | D:13     | Noticed a tengu warrior
 16585 | D:13     | Killed a tengu warrior
 16826 | D:13     | Reached skill level 10 in Stealth
 16929 | D:13     | Killed a six-headed hydra
 17033 | Lair:1   | Entered Level 1 of the Lair of Beasts
 17140 | Lair:1   | Reached skill level 10 in Invocations
 17509 | Lair:1   | Reached skill level 1 in Spellcasting
 17509 | Lair:1   | Reached XP level 13. HP: 40/61 MP: 20/23
 18296 | Lair:2   | Slain by a komodo dragon
 18297 | Lair:2   | Reached XP level 12. HP: -3/58 MP: 0/31
 18299 | Lair:2   | Found a sacrificial altar of Ru.
 18778 | Lair:2   | Reached skill level 5 in Spellcasting
 20934 | Lair:3   | Noticed a five-headed hydra
 21153 | Lair:3   | Noticed a five-headed hydra
 21154 | Lair:3   | Found a staircase to the Swamp.
 21157 | Lair:3   | Killed a five-headed hydra
 21213 | Lair:3   | Killed a five-headed hydra
 21478 | Lair:4   | Found a gate leading to a gauntlet.
 21486 | Gauntlet | Entered a Gauntlet
 21486 | Gauntlet | Found a transporter.
 21486 | Gauntlet | Found a transporter.
 21486 | Gauntlet | Found a transporter.
 21486 | Gauntlet | Found a transporter.
 21486 | Gauntlet | Noticed a death ooze
 21486 | Gauntlet | Noticed a queen ant
 21490 | Gauntlet | Found a transporter.
 21491 | Gauntlet | Found a transporter.
 21500 | Gauntlet | Found a transporter.
 21504 | Gauntlet | Found a transporter.
 21513 | Gauntlet | Found a transporter.
 21513 | Gauntlet | Found a transporter.
 21524 | Gauntlet | Noticed a hell beast
 21529 | Gauntlet | Found a transporter.
 21642 | Gauntlet | Noticed a reaper
 21645 | Gauntlet | Found a transporter.
 21663 | Gauntlet | Noticed a minotaur
 21881 | Lair:4   | Found a hole to the Spider Nest.
 21893 | Lair:4   | Reached XP level 13. HP: 31/61 MP: 23/24
 22346 | Lair:4   | HP: 2/61 [spiny frog (15)]
 22506 | Lair:5   | Noticed Kirke
 23597 | Lair:4   | Reached skill level 15 in Evocations
 25922 | Lair:6   | Entered Level 6 of the Lair of Beasts
 26149 | Lair:6   | Noticed Snorg
 27108 | Lair:6   | Killed Snorg
 27457 | Lair:6   | Found a runed translucent door.
 27458 | Lair:6   | Found a viscous altar of Jiyva.
 27494 | Lair:6   | Found a staircase to the Slime Pits.
 27515 | Lair:6   | Reached XP level 14. HP: 69/69 MP: 26/26
 27533 | Lair:6   | Reached ****** piety under Uskayaw
 27621 | Lair:6   | Noticed Urug
 27641 | Lair:6   | Killed Urug
 30701 | Orc:1    | Entered Level 1 of the Orcish Mines
 30761 | Orc:1    | Found a flagged portal.
 30829 | Bailey   | Entered a bailey
 31790 | Orc:2    | Entered Level 2 of the Orcish Mines
 31790 | Orc:2    | Found Eveavie's Jewellery Shop.
 33283 | Orc:2    | Found Quuze's Food Boutique.
 33295 | Orc:2    | Found Geemihil's General Store.
 33528 | Orc:2    | Reached skill level 15 in Fighting
 33528 | Orc:2    | Reached skill level 15 in Dodging
 33547 | Orc:2    | Found Agulumit's Assorted Antiques.
 33549 | Orc:2    | Bought a potion of heal wounds for 65 gold pieces
 33549 | Orc:2    | Bought a scroll of blinking for 97 gold pieces
 33549 | Orc:2    | Bought a potion of curing for 39 gold pieces
 33549 | Orc:2    | Bought a scroll of fog for 26 gold pieces
 33549 | Orc:2    | Bought a wand of iceblast (8) for 156 gold pieces
 33550 | Orc:2    | Bought a scroll of identify for 26 gold pieces
 33800 | Orc:2    | Found a staircase to the Elven Halls.
 34192 | Orc:2    | Bought a scroll of teleportation for 54 gold pieces
 34192 | Orc:2    | Bought a scroll of teleportation for 54 gold pieces
 34192 | Orc:2    | Bought a paperback book for 270 gold pieces
 34192 | Orc:2    | Bought a shiny iron wand for 72 gold pieces
 34192 | Orc:2    | Bought a scroll labeled MIOGEDAPOS for 18 gold pieces
 34192 | Orc:2    | Bought 3 scrolls of identify for 108 gold pieces
 34192 | Orc:2    | Bought a scroll of identify for 36 gold pieces
 34192 | Orc:2    | Bought a potion of agility for 72 gold pieces
 34193 | Orc:2    | Identified a scroll of acquirement
 34540 | Orc:2    | Noticed an orc warlord
 34853 | Orc:2    | Reached XP level 15. HP: 34/77 MP: 12/27
 34864 | Orc:2    | Killed an orc warlord
 36330 | D:13     | Found a gate to the Vaults.
 36547 | D:14     | Found Qikhluov's Antique Armour Shop.
 36604 | D:14     | Noticed Nessos
 36627 | D:14     | HP: 2/78 [Nessos/arrow (5)]
 36631 | D:14     | Killed Nessos
 36965 | D:14     | Noticed a lich
 36965 | D:14     | Noticed Qaimm's ghost (journeyman HaEn)
 36972 | D:14     | Noticed Rupert
 36998 | D:14     | Killed Rupert
 37371 | D:14     | Found Iho Dim's Gadget Shoppe.
 37719 | D:14     | Found a white marble altar of Elyvilon.
 37897 | D:14     | Found Loejilef's Gadget Boutique.
 37918 | D:14     | Found Irus's Jewellery Shop.
 37935 | D:14     | Found a runed translucent door.
 37944 | D:14     | Found a runed translucent door.
 37952 | D:14     | Found a portal to a secret trove of treasure.
 38060 | D:14     | HP: 1/78 [war gargoyle/+4 flail of protection (18)]
 38379 | D:15     | Entered Level 15 of the Dungeon
 38449 | D:15     | Noticed Josephine
 38462 | D:15     | Killed from afar by Josephine
 38463 | D:15     | Reached XP level 14. HP: -3/75 MP: 26/26
 38463 | D:15     | Upgraded the game from 0.25-a0-167-g836c352ace to
                  | 0.25-a0-178-gc9f82b1288
 38690 | D:15     | Killed Josephine
 38939 | D:15     | Slain by a white ugly thing
 38940 | D:15     | Reached XP level 13. HP: -2/70 MP: 25/25
 38944 | D:15     | Found a glowing golden altar of the Shining One.
 39175 | D:15     | HP: 3/70 [tengu warrior/+0 dire flail[a tengu conjurer]
                  | (12)]
 39176 | D:15     | Reached XP level 14. HP: 4/75 MP: 26/26
 39211 | D:15     | Noticed an emperor scorpion
 39663 | D:15     | Killed an emperor scorpion
 40061 | D:15     | Found a staircase to the Depths.
 40400 | Spider:1 | Entered Level 1 of the Spider Nest
 40791 | Orc:2    | Bought the ring "Daaquo" {+Blink rPois rN+ MR- Stlth-} for
                  | 282 gold pieces
 40977 | Spider:1 | Noticed Louise
 41303 | Spider:1 | Killed Louise
 41355 | Lair:4   | HP: 1/75 [demonic crawler (9)]
 41874 | Spider:1 | Noticed an emperor scorpion
 41886 | Spider:1 | Killed an emperor scorpion
 41924 | Spider:1 | Noticed an entropy weaver
 43973 | Lair:4   | Killed an entropy weaver
 45929 | Spider:2 | Noticed Arachne
 45929 | Spider:2 | Noticed Nikola
 45941 | Spider:2 | HP: 1/75 [Nikola/chain lightning (11)]
 45945 | Spider:2 | Killed Nikola
 45945 | Spider:2 | Reached XP level 15. HP: 4/78 MP: 27/27
 45977 | Spider:3 | HP: 2/78 [jumping spider (8)]
 46531 | Spider:2 | Killed Arachne
 48001 | Spider:3 | Identified Roxanne's Collected Works on Transmigration
 48001 | Spider:3 | Noticed Roxanne
 48088 | Spider:3 | Killed Roxanne
 48106 | Spider:3 | Learned a level 6 spell: Statue Form
 48215 | Spider:3 | Reached skill level 1 in Transmutations
 48566 | Spider:2 | Reached skill level 1 in Earth Magic
 49422 | Swamp:1  | Entered Level 1 of the Swamp
 50301 | Swamp:1  | Found a blossoming altar of Fedhas.
 51726 | Swamp:1  | Reached skill level 5 in Transmutations
 52570 | Swamp:2  | Reached XP level 16. HP: 46/81 MP: 28/28
 53420 | Swamp:2  | Noticed a thorn hunter
 53445 | Swamp:2  | Killed from afar by a thorn hunter
 53446 | Swamp:2  | Reached XP level 15. HP: -2/115 MP: 27/27
 53465 | Swamp:2  | Killed a thorn hunter
 53788 | Swamp:2  | Reached skill level 5 in Earth Magic
 54817 | Swamp:3  | Mangled by a spectral tyrant leech

Levels and vault maps discovered:
D:1:      psy_arrival_conway, layout_basic
D:2:      layout_loops_ring, serial_rivers, chequers_serial_rivers_micro_b,
          chequers_serial_rivers_marsh, chequers_serial_rivers_room_b,
          chequers_serial_rivers_small_b, chequers_serial_rivers_large_b,
          chequers_serial_rivers_micro_b, first_ration
D:3:      layout_basic, vehumet_crystals, lexackson_kobold_supper
D:4:      layout_rooms
D:5:      layout_loops_cross, serial_shops, nicolae_shop_behind_doors
D:6:      layout_basic
D:7:      layout_basic, temple_fountains, uniq_pikel, uniq_menkaure,
          uniq_joseph, uniq_prince_ribbit1
D:8:      layout_basic
D:9:      layout_gridville
D:10:     layout_roguey, enter_bailey_2
D:11:     layout_basic, erik_lair_orcish_takeover, david_orc_3,
          hangedman_abyss_or_decor_lesser_grid, grunt_pizzeria
D:12:     layout_stronghold
D:13:     layout_roguey, grunt_vaults_entry_fortified, elves_outpost_lemuel
D:14:     gargoyle_guard, layout_small_grid, nicolae_trove_entry_diagonal,
          elyvilon_altar_3, serial_shops, nicolae_shop_behind_doors, shop,
          nicolae_shop_statue_plus, nicolae_shop_waterfront,
          muffindrake_ghost_dual_entry, uniq_nessos, uniq_rupert
D:15:     hangedman_depths_entry_try_elsewhere_first, layout_rooms,
          tso_metal_star, uniq_josephine
Temple:   kilobyte_greek_temple
Lair:1:   minmay_lair_venomous_thicket, layout_cave_pods
Lair:2:   layout_roguey, basic_altar, guppyfry_lair_drakes, grunt_megastairs_2,
          serial_bayou_shore_a, minmay_lair_oklob_chamber, lemuel_fruit_fields
Lair:3:   layout_long_grid, palyth_hydra_swamp_entry
Lair:4:   regret_index_wax_grids, layout_loops_ring, spider_nest_entry_rubble,
          gauntlet_entry_generic
Lair:5:   layout_gridlike, st_stairs_10, beast_lair_carwin_2, uniq_kirke
Lair:6:   evilmike_catoblepas_cave, layout_loops_ring, slime_altar_2,
          bobbens_ice_dragon_lair, grunt_megastairs_5, uniq_snorg, uniq_urug
Swamp:1:  layout_falls_marsh, lemuel_altar_in_water, roderic_carrion_pond
Swamp:2:  layout_falls_marsh, evilmike_swamp_ruin_house_5, swamp_pool3,
          wheals_swamp_sinkhole, infiniplex_staircase_pool
Swamp:3:  layout_falls_marsh, nicolae_swamp_stair_fork, swamp_pool1
Spider:1: layout_spider_delve, uniq_louise
Spider:2: layout_spider_delve, portal_ice_cave_entry_ice_statue_one,
          worms_lemuel, uniq_nikola, uniq_arachne
Spider:3: layout_spider_delve, uniq_roxanne
Orc:1:    layout_caves, enter_bailey_8, nicolae_orc_lava_tube
Orc:2:    st_orc_open, layout_caves, elf_legates

Skill      XL: |  1  2  3  4  5  6  7  8  9 10 11 12 13 14 15 |
---------------+----------------------------------------------+-----
Fighting       | 4 5 6 10 12 15 16 | 16.0
Dodging        | 5 6 7 8 9 10 12 15 16 | 16.0
Stealth        | 3 5 6 8 10 | 10.0
Evocations     | 4 5 8 14 15 | 15.0
Unarmed Combat | 6 10 14 12 | 14.8
Invocations    | 7 8 10 12 13 | 13.1
Spellcasting   | 5 3 |  5.1
Transmutations | 7 |  7.9
Earth Magic    | 5 |  5.4

Action                   |  1- 3 |  4- 6 |  7- 9 | 10-12 | 13-15 | 16-18 || total
-------------------------+-------+-------+-------+-------+-------+-------++-------
Melee: Unarmed           |    97 |   259 |   408 |   870 |  2583 |    75 ||  4292
       Bite              |     8 |    15 |    46 |   115 |   382 |    17 ||   583
       Punch             |     2 |       |    12 |    51 |   227 |     4 ||   296
Invok: Stomp             |       |       |     1 |     1 |     7 |       ||     9
 Abil: Evoke Invisibilit |       |       |       |     1 |    19 |       ||    20
Evoke: Wand              |       |       |     4 |    14 |    82 |     1 ||   101
       Lamp of fire      |       |       |       |       |     1 |       ||     1
  Use: Scroll            |       |    11 |     5 |     5 |    24 |       ||    45
       Potion            |       |       |     2 |     2 |    20 |     2 ||    26
 Stab: Sleeping          |     9 |     6 |    11 |    38 |    43 |     1 ||   108
       Distracted        |       |     1 |     1 |     6 |    11 |       ||    19
       Paralysed         |       |       |     7 |    44 |   154 |       ||   205
       Invisible         |       |       |       |     1 |    32 |       ||    33
       Held in net/web   |       |       |       |       |     1 |       ||     1
       Confused          |       |       |       |       |     1 |       ||     1
  Eat: Chunk             |     8 |     7 |    11 |    28 |    72 |       ||   126
       Ration            |       |       |       |       |       |     1 ||     1
Armor: Skin              |     5 |    12 |    12 |    15 |    74 |    14 ||   132
Dodge: Dodged            |    63 |   240 |   356 |   818 |  3307 |    77 ||  4861

Table legend:
 A = Non-vault XP
 B = Vault XP
 C = Vault XP percentage of total XP
 D = Non-vault monster count
 E = Vault monster count
 F = Vault count percentage of total count
                 A         B        C        D         E       F
            +---------+---------+-------+---------+---------+-------
      Total |  171065 |   97488 |  36.3 |     779 |     282 |  26.6
            +---------+---------+-------+---------+---------+-------
        D:1 |      29 |       0 |   0.0 |      15 |       0 |   0.0
        D:2 |     125 |       0 |   0.0 |      25 |       0 |   0.0
        D:3 |     382 |      13 |   3.3 |      43 |       8 |  15.7
        D:4 |     255 |       0 |   0.0 |      18 |       0 |   0.0
        D:5 |     519 |       0 |   0.0 |      15 |       0 |   0.0
        D:6 |     420 |       0 |   0.0 |       8 |       0 |   0.0
        D:7 |     646 |    1370 |  68.0 |      13 |       4 |  23.5
        D:8 |     756 |       0 |   0.0 |      17 |       0 |   0.0
        D:9 |    2574 |       0 |   0.0 |      25 |       0 |   0.0
       D:10 |    3355 |       0 |   0.0 |      14 |       0 |   0.0
       D:11 |    3309 |    1098 |  24.9 |      20 |      13 |  39.4
       D:12 |    8710 |       0 |   0.0 |      47 |       0 |   0.0
       D:13 |    7696 |   11179 |  59.2 |      45 |      18 |  28.6
       D:14 |   10691 |    9359 |  46.7 |      46 |      11 |  19.3
       D:15 |   11085 |    4492 |  28.8 |      33 |       9 |  21.4
     Temple |     235 |       0 |   0.0 |       3 |       0 |   0.0
     Lair:1 |    4553 |    1792 |  28.2 |      21 |      14 |  40.0
     Lair:2 |    6436 |     619 |   8.8 |      29 |       3 |   9.4
     Lair:3 |    4824 |    2245 |  31.8 |      13 |       5 |  27.8
     Lair:4 |    7035 |   10875 |  60.7 |      25 |      54 |  68.4
     Lair:5 |    5630 |    1904 |  25.3 |      22 |       7 |  24.1
     Lair:6 |    8879 |   14920 |  62.7 |      35 |      33 |  48.5
    Swamp:1 |   20239 |     598 |   2.9 |      50 |       5 |   9.1
    Swamp:2 |   12586 |       0 |   0.0 |      33 |       0 |   0.0
    Swamp:3 |    4354 |       0 |   0.0 |       7 |       0 |   0.0
   Spider:1 |   26107 |    1649 |   5.9 |      82 |       1 |   1.2
   Spider:2 |    5404 |   11328 |  67.7 |      17 |      12 |  41.4
   Spider:3 |   12089 |    2007 |  14.2 |      29 |       1 |   3.3
      Orc:1 |    1415 |    1399 |  49.7 |      15 |       4 |  21.1
      Orc:2 |     727 |   18604 |  96.2 |      14 |      43 |  75.4
     Bailey |       0 |    2037 | 100.0 |       0 |      37 | 100.0
            +---------+---------+-------+---------+---------+-------
